 Dungeon Crawl Stone Soup version 0.27-a0-343-gfcad680f63 (webtiles) character file.

Game seed: 13100555710870967395

758 wakim the Changer (level 7, -3/43 HPs)
             Began as an Octopode Transmuter on Feb 14, 2021.
             Killed by divine providence
             ... invoked by an orc priest
              (10 damage)
             ... on level 4 of the Dungeon.
             The game lasted 00:11:32 (5577 turns).

wakim the Changer (Octopode Transmuter)             Turns: 5577, Time: 00:11:32

Health: -3/43      AC:  1    Str: 10    XL:     7   Next: 80%
Magic:  13/13      EV: 13    Int: 17    God:
Gold:   170        SH:  0    Dex: 12    Spells: 10/14 levels left

rFire    . . .     SeeInvis .   a - +3 short sword
rCold    . . .     Faith    .   (no shield)
rNeg     . . .     Spirit   .   (helmet restricted)
rPois    .         Reflect  .   (no amulet)
rElec    .         Harm     .   (no ring)
rCorr    .         Rampage  .   (no ring)
Will     .....                  (no ring)
Stlth    ++........             (no ring)
HPRegen  0.14/turn              (no ring)
MPRegen  0.13/turn              (no ring)
                                (no ring)
                                (no ring)

@: no status effects
A: almost no armour, stealthy swim, amphibious, 8 rings, constrict 8, camouflage
1, gelatinous body 1
a: no special abilities


You were on level 4 of the Dungeon.
You visited 1 branch of the dungeon, and saw 4 of its levels.

You collected 170 gold pieces.

Inventory:

Hand Weapons
 a - a +3 short sword (weapon)
 b - a +1 dagger of venom
 l - a +2 dagger of draining
 n - a +1 dagger of freezing
Scrolls
 c - 7 scrolls of identify {unknown}
 d - 4 scrolls of teleportation {unknown}
 e - a scroll of enchant weapon {unknown}
 g - 2 scrolls of enchant armour {unknown}
 m - a scroll of magic mapping {unknown}
Potions
 f - a potion of flight
 h - a potion of ambrosia {unknown}
 i - a potion of curing
 j - 2 potions of degeneration {unknown}
 k - 3 potions of lignification {unknown}


   Skills:
 - Level 1.0 Fighting
 - Level 2.0 Dodging
 + Level 5.3 Unarmed Combat
 - Level 4.0 Spellcasting
 - Level 6.0 Transmutations
 - Level 2.0 Poison Magic


You had 10 spell levels left.
You knew the following spells:

 Your Spells              Type           Power        Failure   Level
a - Beastly Appendage     Tmut           46%          1%          1
b - Spider Form           Tmut/Pois      8%           9%          3

Your spell library contained the following spells:

 Spells                   Type           Power        Failure   Level
 Wereblood                Tmut           23%          1%          2
 Blade Hands              Tmut           11%          36%         5
 Ice Form                 Ice/Tmut       13%          41%         4


Dungeon Overview and Level Annotations

Branches:
Dungeon (4/15)
 Temple: D:4-7

Altars:
Ashenzari
Dithmenos

Annotations:
D:3 3 runed translucent doors, Starless's ghost, amateur KoEn
D:4 3 runed translucent doors, Borgoz's ghost, novice GrBe


Innate Abilities, Weirdness & Mutations

You cannot wear most types of armour.
You are very stealthy in the water. (Stealth+)
You are amphibious.
You can wear up to eight rings at the same time.
You can use your tentacles to constrict eight enemies at once.
Your skin changes colour to match your surroundings (Stealth+).
Your rubbery body absorbs attacks. (AC +1, EV +1)


Message History

You hear some strange, mumbled words.
You are confused.
You bump into the rock wall.
Something hits you.
You bump into the rock wall.
Something hits you.
You bump into the stone wall.
Something hits you but does no damage.
You barely miss something. Something barely misses you.
You bump into the rock wall.
You hear some strange, mumbled words.
A puff of flame appears from out of thin air!
The puff of flame misses you.
Your transformation is almost over.
You feel less confused.
You hear some strange, mumbled words.
A puff of flame appears from out of thin air!
The puff of flame hits you.
* * * LOW HITPOINT WARNING * * *
You hear some strange, mumbled words.
A puff of flame appears from out of thin air!
The puff of flame hits you!
* * * LOW HITPOINT WARNING * * *
You bite something! Something hits you.
* * * LOW HITPOINT WARNING * * *
You bite something!
Reactivating autopickup.
You feel a bit more experienced.
You start resting.
Your transformation has ended.
Your +3 short sword unmelds from your body.
You start resting.
An orc priest is nearby!
The orc priest shouts!
You hear a shout!
The orc priest looks braver for a moment.
An orc wizard comes into view. It is wielding a +0 dagger.
The orc priest begins to cast a cantrip, but forgets the words!
Borgoz's ghost boasts, "I have defeated monsters you have never seen."
The orc priest calls down the wrath of Beogh upon you.
Beogh smites you!
* * * LOW HITPOINT WARNING * * *
The orc priest mumbles some strange prayers to Beogh against you.
Beogh smites you!
You die...

#........##....#.......#.#######
#..........#..o#W......#.#
#.....#........#########.#
##...##............... ..#
##...##....#....#.#### ###
#....>...##.#....##
#.......###[##....# ..
#...#...)..####...## ...#
#.......####.##@...##...#
#........##.###....##...#
##.##.###..## #....##...#
########### ##....#...#
#..(.#### #........# #......#
##.......# #...†..# ##......##
#......# #....[..# #......#
#.......#


You could see an orc priest.

Vanquished Creatures
  Eustachio (D:4)
  Sigmund (D:2)
  A water moccasin skeleton (D:4)
  An orc priest (D:4)
  Crazy Yiuf (D:4)
  A hound (D:4)
  2 iguanas (D:4)
  Natasha (D:4)
  3 orc wizards (D:4)
  3 gnolls
  7 adders
  3 worms
  3 leopard geckos
  4 orcs
  A ball python (D:2)
  5 giant cockroaches
  9 goblins
  6 hobgoblins
  4 jackals (D:2)
  8 kobolds
  5 quokkas
  7 bats
  3 frilled lizards
  9 rats
89 creatures vanquished.

Vanquished Creatures (others)
  3 plants (D:2)
3 creatures vanquished.

Grand Total: 92 creatures vanquished

Notes
Turn   | Place    | Note
-------+----------+-------------------------------------------
     0 | D:1      | wakim the Octopode Transmuter began the quest for the Orb.
     0 | D:1      | Reached XP level 1. HP: 13/13 MP: 3/3
   307 | D:1      | Reached XP level 2. HP: 18/18 MP: 5/5
   867 | D:1      | Reached XP level 3. HP: 17/23 MP: 6/6
   958 | D:1      | Reached skill level 3 in Transmutations
  1434 | D:2      | Reached XP level 4. HP: 21/28 MP: 7/7
  1564 | D:2      | Learned a level 3 spell: Spider Form
  2044 | D:2      | Noticed Sigmund
  2326 | D:2      | Killed Sigmund
  2327 | D:2      | Reached skill level 4 in Transmutations
  2327 | D:2      | Reached XP level 5. HP: 26/33 MP: 6/9
  2327 | D:2      | Reached XP level 6. HP: 30/38 MP: 6/10
  2484 | D:3      | Found a broken altar of Ashenzari.
  3536 | D:3      | Noticed Starless's ghost (amateur KoEn)
  3537 | D:3      | Found a runed translucent gate.
  3537 | D:3      | Found a runed translucent gate.
  3537 | D:3      | Found a runed translucent gate.
  3927 | D:4      | Reached skill level 1 in Poison Magic
  4156 | D:4      | Found a runed translucent gate.
  4156 | D:4      | Found a runed translucent gate.
  4157 | D:4      | Found a runed translucent gate.
  4158 | D:4      | Noticed Borgoz's ghost (novice GrBe)
  4225 | D:4      | Reached skill level 5 in Transmutations
  4528 | D:4      | Reached XP level 7. HP: 32/43 MP: 12/12
  4638 | D:4      | Found a shadowy altar of Dithmenos.
  4764 | D:4      | Noticed Eustachio
  4788 | D:4      | Killed Eustachio
  4986 | D:4      | Noticed Natasha
  4993 | D:4      | Killed Natasha
  5299 | D:4      | Found a runed translucent door.
  5300 | D:4      | Noticed Crazy Yiuf
  5312 | D:4      | Killed Crazy Yiuf
  5313 | D:4      | Reached skill level 5 in Unarmed Combat
  5487 | D:4      | Reached skill level 6 in Transmutations
  5577 | D:4      | Killed from afar by an orc priest

Illustrated notes

Levels and vault maps discovered:
D:1:      matt_arrival_spirals, layout_loops_ring, hangedman_decor_push,
          serial_park_tiny_2, minmay_misc_feat_four_crosses
D:2:      layout_rooms, serial_forest, infiniplex_forest_lined_corner,
          infiniplex_forest_lined_2, infiniplex_forest_lined_corner,
          infiniplex_forest_zigzag_1, infiniplex_forest_side_room,
          infiniplex_forest_lined_3, uniq_sigmund
D:3:      minmay_general_purpose_star, layout_basic, gammafunk_ghost_split,
          corexii_hall_statues_l, cheibrodos_ashenzari_chains
D:4:      layout_layer_cave, gammafunk_ghost_split,
          grunt_dithmenos_smoke_and_mirrors, uniq_menkaure,
          uniq_crazy_yiuf_cottage, uniq_natasha, uniq_edmund, uniq_eustachio

Skill      XL: |  1  2  3  4  5  6  7 |
---------------+----------------------+-----
Transmutations | 3 4 5 6 |  6.0
Unarmed Combat | 4 5 |  5.3
Spellcasting   | 3 4 |  4.0
Poison Magic   | 1 2 |  2.0
Fighting       | |  1.0
Dodging        | |  2.0

Action                   |  1- 3 |  4- 6 |  7- 9 || total
-------------------------+-------+-------+-------++-------
Melee: Unarmed           |     8 |    31 |    30 ||    69
       Constrict         |    12 |    29 |     3 ||    44
       Short sword       |    41 |    96 |    12 ||   149
       Tentacles         |     5 |    17 |     1 ||    23
       Kick              |     6 |       |       ||     6
       Punch             |       |     4 |       ||     4
       Dagger            |       |     4 |       ||     4
 Cast: Beastly Appendage |     6 |       |       ||     6
       Spider Form       |       |     5 |     4 ||     9
  Use: Potion            |       |     2 |       ||     2
 Stab: Sleeping          |     8 |     5 |       ||    13
       Distracted        |       |     2 |       ||     2
Armor: Skin              |     4 |    12 |     2 ||    18
Dodge: Dodged            |    21 |    65 |    33 ||   119

Table legend: (Time is in decaauts)
 A = Elapsed time spent in this place.
 B = Non-inter-level travel time spent in this place.
 C = Inter-level travel time spent in this place.
 D = Time resting spent in this place.
 E = Time spent auto-exploring this place.
 F = Levels seen in this place.
 G = Mean time per level.
                   A        B        C        D        E       F      G
               +--------+--------+--------+--------+--------+-----+--------+
         Total |   5586 |   5565 |     21 |   2414 |   2320 |   4 | 1396.5 |
       Dungeon |   5586 |   5565 |     21 |   2414 |   2320 |   4 | 1396.5 |
               +--------+--------+--------+--------+--------+-----+--------+

Top non-repeatable levels by time:
     D:4: 1660 daAuts
     D:2: 1511 daAuts
     D:3: 1229 daAuts
     D:1: 1184 daAuts
